 Dungeon Crawl Stone Soup version 0.28-a0-1429-gf3d713df7a (webtiles) character file.

Game seed: 16037366046689822877

616 Gargoyl the Skirmisher (level 7, 0/46 (60) HPs)
             Began as a Gnoll Abyssal Knight on Jan 8, 2022.
             Was a Believer of Lugonu.
             Slain by an iguana (10 damage)
             ... on level 5 of the Dungeon.
             The game lasted 00:05:37 (4890 turns).

Gargoyl the Skirmisher (Gnoll Abyssal Knight)       Turns: 4890, Time: 00:05:37

HP:   0/46 (60)     AC: 11    Str: 14    XL:     7   Next: 45%
MP:   11/11         EV:  7    Int:  9    God:    Lugonu [**....]
Gold: 146           SH:  0    Dex: 13    Spells: 11/11 levels left

rFire   . . .      SeeInvis .   h - +5 falchion (vorpal)
rCold   . . .      Faith    .   (no shield)
rNeg    . . .      Spirit   .   k - +0 chain mail
rPois   .          Reflect  .   (no helmet)
rElec   .          Harm     .   f - +0 cloak
rCorr   .          Rampage  .   (no gloves)
Will    .....                   (no boots)
Stlth   ..........              (no amulet)
HPRegen 0.15/turn               (no ring)
MPRegen 0.12/turn               (no ring)

@: heavily drained
A: fangs 1, strong nose, distributed training
a: Renounce Religion, Depart the Abyss, Bend Space


You were on level 5 of the Dungeon.
You worshipped Lugonu.
Lugonu was pleased with you.
You visited 1 branch of the dungeon, and saw 5 of its levels.
You visited the Abyss 1 time.

You collected 146 gold pieces.

Inventory:

Hand Weapons
 a - a +1 hand axe
 h - a +5 vorpal falchion (weapon)
Missiles
 b - 9 poisoned darts (quivered)
 i - 2 throwing nets
Armour
 f - a +0 cloak (worn)
 k - a +0 chain mail (worn)
Scrolls
 d - a scroll of identify
 j - 3 scrolls of enchant weapon {unknown}
Potions
 c - a potion of might
 e - a potion of haste
 g - a potion of magic
 n - a potion of cancellation


   Skills:
 + Level 7.0 Fighting
 + Level 2.5 Short Blades
 + Level 2.5 Long Blades
 + Level 5.2 Axes
 + Level 2.5 Maces & Flails
 + Level 2.5 Polearms
 + Level 2.5 Staves
 + Level 2.5 Slings
 + Level 2.5 Bows
 + Level 2.5 Crossbows
 + Level 2.5 Throwing
 + Level 5.2 Armour
 + Level 3.6 Dodging
 + Level 2.5 Stealth
 + Level 2.5 Shields
 + Level 2.5 Unarmed Combat
 + Level 2.5 Spellcasting
 + Level 2.0 Conjurations
 + Level 2.0 Hexes
 + Level 2.0 Summonings
 + Level 2.0 Necromancy
 + Level 2.0 Translocations
 + Level 2.0 Transmutations
 + Level 2.0 Fire Magic
 + Level 2.0 Ice Magic
 + Level 2.0 Air Magic
 + Level 2.0 Earth Magic
 + Level 2.0 Poison Magic
 + Level 5.4 Invocations
 + Level 2.5 Evocations


You had 11 spell levels left.
You didn't know any spells.
Your spell library contained the following spells:

 Spells                   Type           Power      Damage    Failure   Level
 Poisonous Vapours        Pois/Air       8%         N/A       99%         2
 Dazzling Flash           Conj/Hex       8%         N/A       100%        3
 Ignite Poison            Fire/Tmut/Pois 4%         N/A       100%        3
 Mephitic Cloud           Conj/Pois/Air  4%         N/A       100%        3
 Iskenderun's Mystic Bla  Conj/Tloc      4%         2d3       100%        4
 Alistair's Intoxication  Tmut/Pois      2%         N/A       100%        5
 Freezing Cloud           Conj/Ice/Air   2%         6-21      100%        5
 Starburst                Conj/Fire      2%         6d3       100%        6


Dungeon Overview and Level Annotations

Branches:
Dungeon (5/15)
 Temple: D:4-7

Altars:
Fedhas
Wu Jian

Shops:
D:1 (   D:2 [


Innate Abilities, Weirdness & Mutations

You have very sharp teeth.
Your uncanny sense of smell can sniff out nearby items.
Your experience applies equally to all skills.


Message History

The iguana bites you!
The scorpion stings you but does no damage.
The iguana bites you!
You barely miss the scorpion.
The scorpion is severely wounded.
The scorpion stings you. The iguana bites you. The scorpion barely misses you.
Throw: 11 darts (poison)
Press: ? - help, Q - select action, (/) - cycle Shift-Dir - straight line, f - scorpion
Aim: a scorpion (heavily wounded, 62% to hit)
You throw a poisoned dart.
The poisoned dart closely misses the scorpion.
The scorpion stings you.
Throw: 10 darts (poison)
Press: ? - help, Q - select action, (/) - cycle Shift-Dir - straight line, f/p - scorpion
Aim: a scorpion (heavily wounded, 62% to hit)
You throw a poisoned dart. The poisoned dart hits the scorpion.
The scorpion is poisoned.
The scorpion is heavily wounded.
The scorpion stings you.
* * * LOW HITPOINT WARNING * * *
Unknown command.
You hit the scorpion but do no damage.
The scorpion is heavily wounded.
The scorpion stings you but does no damage. x2
You barely miss the scorpion.
The scorpion is almost dead.
You kill the scorpion!
Lugonu accepts your kill.
You barely miss the iguana.
The iguana bites you but does no damage.
You barely miss the iguana.
The iguana bites you but does no damage.
You hit the iguana. Your punch misses the iguana.
The iguana is lightly wounded.
The iguana barely misses you. The iguana bites you.
* * * LOW HITPOINT WARNING * * *
You hit the iguana.
The iguana is heavily wounded.
The iguana bites you!
You die...

##......[....#*
##.......##**,,*
########...#####.##**,#
....##....##∆,,##.# *.#
..........#,,∆,∆#.###.#
..........#,,,∆∆#....(#*
..........#∆,∆∆,#.#'#..#
..........##,∆,+###.##,#
...........#####@'...#,*
...).........##l###[##,*
............##.Z#*###,,*
............#([$.*,,,,**
....#.......#.(..+,****
....#..####.##.$##,,*
....#...# *,.####,,,*
....#.#.##**,,,,,,,,*
....>.#..##***,,**,****


You could see an iguana and a scorpion zombie.

Vanquished Creatures
  2 scorpions (D:5)
  A water moccasin skeleton (D:4)
  A hound (D:4)
  Crazy Yiuf (D:3)
  A bullfrog skeleton (D:4)
  Jessica (D:2)
  Terence (D:3)
  2 iguanas (D:4)
  2 orc wizards (D:4)
  A scorpion zombie (D:3)
  5 adders
  5 gnolls (D:3)
  3 dart slugs
  12 orcs
  6 ball pythons
  5 endoplasms
  3 giant cockroaches
  5 goblins
  9 hobgoblins
  2 jackals (D:3)
  A quokka (D:1)
  3 bats
  4 frilled lizards
  6 kobolds
  3 rats
85 creatures vanquished.

Notes
Turn   | Place    | Note
-------+----------+-------------------------------------------
     0 | Abyss:1  | Gargoyl the Gnoll Abyssal Knight began the quest for the
                  | Orb.
     0 | Abyss:1  | Reached XP level 1. HP: 23/23 MP: 3/3
     7 | Abyss:1  | Found a corrupted altar of Lugonu.
    44 | D:1      | Escaped the Abyss
   137 | D:1      | Reached * piety under Lugonu
   168 | D:1      | Reached XP level 2. HP: 28/29 MP: 5/5
   244 | D:1      | Found Raezas's Weapon Shoppe.
   917 | D:1      | Reached XP level 3. HP: 35/35 MP: 6/6
  1472 | D:2      | Noticed Jessica
  1483 | D:2      | Killed Jessica
  1484 | D:2      | Reached skill level 1 in Short Blades
  1484 | D:2      | Reached skill level 1 in Long Blades
  1484 | D:2      | Reached skill level 1 in Maces & Flails
  1484 | D:2      | Reached skill level 1 in Polearms
  1484 | D:2      | Reached skill level 1 in Staves
  1484 | D:2      | Reached skill level 1 in Slings
  1484 | D:2      | Reached skill level 1 in Bows
  1484 | D:2      | Reached skill level 1 in Crossbows
  1484 | D:2      | Reached skill level 1 in Throwing
  1484 | D:2      | Reached skill level 1 in Stealth
  1484 | D:2      | Reached skill level 1 in Shields
  1484 | D:2      | Reached skill level 1 in Unarmed Combat
  1484 | D:2      | Reached skill level 1 in Spellcasting
  1484 | D:2      | Reached skill level 1 in Evocations
  1484 | D:2      | Reached XP level 4. HP: 41/41 MP: 7/7
  1579 | D:2      | Found Qetia's Armour Emporium.
  1798 | D:3      | Noticed Terence
  1801 | D:3      | Reached skill level 1 in Conjurations
  1801 | D:3      | Reached skill level 1 in Hexes
  1801 | D:3      | Reached skill level 1 in Summonings
  1801 | D:3      | Reached skill level 1 in Necromancy
  1801 | D:3      | Reached skill level 1 in Translocations
  1801 | D:3      | Reached skill level 1 in Transmutations
  1801 | D:3      | Reached skill level 1 in Fire Magic
  1801 | D:3      | Reached skill level 1 in Ice Magic
  1801 | D:3      | Reached skill level 1 in Air Magic
  1801 | D:3      | Reached skill level 1 in Earth Magic
  1801 | D:3      | Reached skill level 1 in Poison Magic
  1816 | D:3      | Killed Terence
  1818 | D:3      | Reached XP level 5. HP: 23/47 MP: 8/8
  2136 | D:3      | Reached ** piety under Lugonu
  2494 | D:3      | Reached skill level 5 in Invocations
  2494 | D:3      | Reached XP level 6. HP: 41/53 MP: 9/9
  2702 | D:3      | Found a runed translucent door.
  2703 | D:3      | Noticed Crazy Yiuf
  2925 | D:3      | Killed Crazy Yiuf
  3035 | D:4      | Reached skill level 5 in Axes
  3035 | D:4      | Reached skill level 5 in Armour
  3308 | D:4      | Got the Catalogue of Noxious Translocation
  4031 | D:4      | Found a blossoming altar of Fedhas.
  4128 | D:4      | Found an ornate altar of the Wu Jian Council.
  4189 | D:5      | Entered Level 5 of the Dungeon
  4215 | D:5      | Reached XP level 7. HP: 59/59 MP: 10/10
  4271 | D:4      | Reached skill level 7 in Fighting
  4890 | D:5      | Slain by an iguana

Illustrated notes

Levels and vault maps discovered:
D:1:      dpeg_arrival_shelter, layout_loops_corners, serial_shops,
          nicolae_shop_bloodbath_and_beyond, chequers_decorated_corner,
          chequers_serial_rivers_small_3
D:2:      layout_rooms, serial_shops, nicolae_shop_crystal, uniq_jessica
D:3:      layout_rooms, serial_glass, glass_columns_c, glass_columns_c,
          glass_columns_b, glass_columns_a, st_stairs_4, serial_bayou_pond_d,
          uniq_crazy_yiuf_cottage, uniq_terence
D:4:      layout_loops_corners, fedhas_altar_fruit_tree,
          nzn_wu_jian_council_hall
D:5:      layout_rooms, serial_shops, nicolae_inconvenience_store,
          minmay_misc_feat_encased, serial_bayou_ford_a, minmay_joined_circles

Skill      XL: |  1  2  3  4  5  6  7 |
---------------+----------------------+-----
Short Blades   | 1 2 |  2.5
Long Blades    | 1 2 |  2.5
Maces & Flails | 1 2 |  2.5
Polearms       | 1 2 |  2.5
Staves         | 1 2 |  2.5
Slings         | 1 2 |  2.5
Bows           | 1 2 |  2.5
Crossbows      | 1 2 |  2.5
Throwing       | 1 2 |  2.5
Stealth        | 1 2 |  2.5
Shields        | 1 2 |  2.5
Unarmed Combat | 1 2 |  2.5
Spellcasting   | 1 2 |  2.5
Evocations     | 1 2 |  2.5
Conjurations   | 1 2 |  2.0
Hexes          | 1 2 |  2.0
Summonings     | 1 2 |  2.0
Necromancy     | 1 2 |  2.0
Translocations | 1 2 |  2.0
Transmutations | 1 2 |  2.0
Fire Magic     | 1 2 |  2.0
Ice Magic      | 1 2 |  2.0
Air Magic      | 1 2 |  2.0
Earth Magic    | 1 2 |  2.0
Poison Magic   | 1 2 |  2.0
Dodging        | 3 |  3.6
Invocations    | 5 |  5.4
Axes           | 5 |  5.2
Armour         | 5 |  5.2
Fighting       | 7 |  7.0

Action                   |  1- 3 |  4- 6 |  7- 9 || total
-------------------------+-------+-------+-------++-------
Melee: Hand axe          |   100 |    24 |       ||   124
       Bite              |    14 |    12 |     5 ||    31
       Punch             |     2 |     4 |       ||     6
       Falchion          |       |   116 |    59 ||   175
Throw: Dart              |     6 |     4 |     2 ||    12
Invok: Depart the Abyss  |     1 |       |       ||     1
       Bend Space        |       |       |     1 ||     1
  Use: Scroll            |     2 |     6 |       ||     8
       Potion            |       |       |     1 ||     1
Armor: Leather armour    |    37 |       |       ||    37
       Ring mail         |    14 |    31 |       ||    45
       Chain mail        |       |    16 |    67 ||    83
Dodge: Dodged            |    87 |    91 |    31 ||   209

Table legend: (Time is in decaauts)
 A = Elapsed time spent in this place.
 B = Non-inter-level travel time spent in this place.
 C = Inter-level travel time spent in this place.
 D = Time resting spent in this place.
 E = Time spent auto-exploring this place.
 F = Levels seen in this place.
 G = Mean time per level.
                   A        B        C        D        E       F      G
               +--------+--------+--------+--------+--------+-----+--------+
         Total |   4943 |   4852 |     91 |    461 |   3432 |   6 |  823.8 |
       Dungeon |   4899 |   4808 |     91 |    461 |   3390 |   5 |  979.8 |
         Abyss |     44 |     44 |      0 |      0 |     42 |   1 |   44.0 |
               +--------+--------+--------+--------+--------+-----+--------+

Top non-repeatable levels by time:
     D:4: 1462 daAuts
     D:3: 1307 daAuts
     D:1: 1246 daAuts
     D:2: 447 daAuts
     D:5: 435 daAuts
 Abyss:1: 44 daAuts
